 Dungeon Crawl Stone Soup version 0.17-a0-1614-g2062e81 (console) character file.

290 Monkaria the Ducker (level 6, -1/28 HPs)
             Began as a Felid Berserker on July 31, 2015.
             Was a Believer of Trog.
             Slain by a water moccasin zombie (7 damage)
             ... in an ossuary.
             The game lasted 00:04:27 (2391 turns).

Monkaria the Ducker (Felid Berserker)               Turns: 2391, Time: 00:04:27

Health: -1/28      AC:  2    Str: 15    XL:     6   Next: 9%
Magic:  7/7        EV: 21    Int:  9    God:    Trog [**....]
Gold:   142        SH:  0    Dex: 15    Spells: 0 memorised, 5 levels left
                                        Lives:  0   Deaths: 1

rFire  . . .     SeeInvis +       - Unarmed
rCold  . . .     Clarity  .     (armour unavailable)
rNeg   . . .     SustAt   .     (shield unavailable)
rPois  .         Gourm    .     (helmet unavailable)
rElec  .         Spirit   .     (cloak unavailable)
rCorr  .         Warding  .     (gloves unavailable)
rMut   .         Stasis   .     (boots unavailable)
MR     ++++.                    r - amulet of regeneration
Stlth  ++++......               u - ring of protection from magic
                                m - ring of protection from magic

@: regenerating, quick, incredibly resistant to hostile enchantments, stealthy
A: no armour, no weapons or thrown items, claws 1, fangs 3, see invisible,
carnivore 3, speed 1, shaggy fur 2, slow metabolism 1, sharp paws
a: Burn Spellbooks, Berserk, Trog's Hand, Renounce Religion


You were in an ossuary.
You worshipped Trog.
Trog was pleased with you.
You were completely stuffed.

You visited 1 branch of the dungeon, and saw 4 of its levels.
You also visited: Ossuary.

You collected 142 gold pieces.

Inventory:

Jewellery
 d - an uncursed ring of wizardry
 j - an uncursed ring of see invisible
 m - a ring of protection from magic (left paw)
 r - an amulet of regeneration (around neck)
 t - an uncursed amulet of resist mutation
 u - a ring of protection from magic (right paw)
Scrolls
 c - a scroll of immolation {unknown}
 e - 2 scrolls of magic mapping
 f - a scroll of enchant weapon {unknown}
 g - a scroll of noise {unknown}
 i - 3 scrolls of remove curse {unknown}
 l - 2 scrolls of amnesia {unknown}
 p - 3 scrolls of teleportation {unknown}
 v - a scroll of recharging {unknown}
Potions
 h - a potion of invisibility
 k - a potion of haste
 n - a potion of curing
 o - a potion of poison {unknown}
 q - a potion of heal wounds {unknown}
 s - 2 potions of magic {unknown}
Comestibles
 a - 4 meat rations
 w - 2 chunks of flesh


   Skills:
 - Level 3.0 Fighting
 - Level 6.1 Dodging
 - Level 5.1 Stealth
 + Level 4.8 Unarmed Combat


You had 5 spell levels left.
You didn't know any spells.

Dungeon Overview and Level Annotations

Branches:
Dungeon (4/15)
 Temple: D:4-7

Altars:

Annotations:
D:3 clown's ghost, average GrFi


Innate Abilities, Weirdness & Mutations

You cannot wear armour.
You are incapable of wielding weapons or throwing items.
You have sharp claws.
You have razor-sharp teeth.
You have supernaturally acute eyesight.
You are carnivorous and can eat meat at any time.
You cover ground quickly.
You are covered in thick fur (AC +2).
You have a slow metabolism.
Your sharp claws are effective at attacking unaware monsters.


Message History

r - an amulet of regeneration (around neck)
The centaur zombie closely misses you.
You scratch the centaur zombie.
You bite the centaur zombie, but do no damage.
The centaur zombie hits you!
* * * LOW HITPOINT WARNING * * *
You scratch the centaur zombie.
You destroy the centaur zombie!
You have reached level 6!
Your experience leads to an increase in your attributes!
Increase (S)trength, (I)ntelligence, or (D)exterity?
You feel stronger.
Your fur grows into a thick mane.
You closely miss the water moccasin zombie.
The water moccasin zombie bites you.
* * * LOW HITPOINT WARNING * * *
You closely miss the water moccasin zombie.
The water moccasin zombie closely misses you.
The water moccasin zombie bites you!
You die...

.# .Z #####.#
#∩..#.'
#.∩.#.#
#.@†#.+
##+##+##Z##.#
.≈≈≈.≈≈Z.≈≈.+
≈.#.≈≈≈.#.≈.#
#P≈P#.#.#P#.#
### #≈≈#≈####
#≈#≈## ≈#≈#
≈≈≈#


You could see a water moccasin zombie and a hound zombie (wandering).

Vanquished Creatures
  2 bog bodies (Ossuary)
  A centaur zombie (Ossuary)
  A hound (D:4)
  An orc wizard (D:3)
  A killer bee zombie (Ossuary)
  3 mummies (Ossuary)
  A worker ant zombie (D:3)
  An adder (D:3)
  4 oozes
  A worm (D:2)
  5 giant geckos
  3 orcs (D:3)
  A ball python (D:1)
  2 giant cockroaches
  5 hobgoblins
  5 jackals
  2 quokkas (D:2)
  5 bats
  A giant newt (D:2)
  12 goblins
  A jackal skeleton (D:4)
  6 kobolds
  2 quokka zombies (Ossuary)
  7 rats
73 creatures vanquished.

Notes
Turn   | Place    | Note
--------------------------------------------------------------
     0 | D:1      | Monkaria the Felid Berserker began the quest for the Orb.
     0 | D:1      | Reached XP level 1. HP: 10/10 MP: 2/2
    49 | D:1      | Reached skill level 1 in Stealth
   143 | D:1      | Reached XP level 2. HP: 12/14 MP: 3/3
   481 | D:1      | Acquired Trog's second power
   562 | D:1      | Reached XP level 3. HP: 12/17 MP: 4/4
  1419 | D:3      | Reached XP level 4. HP: 21/21 MP: 5/5
  1420 | D:3      | Noticed clown's ghost (average GrFi)
  1440 | D:3      | Slain by clown's ghost
  1441 | D:3      | Reached XP level 3. HP: 0/25 MP: 4/4
  1561 | D:3      | Reached skill level 5 in Dodging
  1674 | D:3      | Reached XP level 4. HP: 1/21 MP: 5/5
  2245 | D:4      | Reached skill level 6 in Dodging
  2245 | D:4      | Reached skill level 5 in Stealth
  2265 | D:4      | Found a sand-covered staircase.
  2270 | Ossuary  | Entered an ossuary
  2281 | Ossuary  | Reached XP level 5. HP: 23/24 MP: 6/6
  2389 | Ossuary  | Gained mutation: You are covered in thick fur (AC +2). [Felid growth]
  2389 | Ossuary  | Reached XP level 6. HP: 3/28 MP: 7/7
  2391 | Ossuary  | Slain by a water moccasin zombie

Vault maps used:
D:1:      lemuel_arrival_cross, st_stairs_4
D:3:      nicolae_overflow_hidden_temple, first_bread
D:4:      wad_woods_pond, enter_ossuary_2
Ossuary:  ossuary_zaba_flooded

Action                   |  1- 3 |  4- 6 || total
-------------------------+-------+-------++-------
Melee: Unarmed           |   123 |    71 ||   194
Invok: Trog's Hand       |     1 |     4 ||     5
       Berserk           |       |     2 ||     2
  Use: Scroll            |       |     4 ||     4
 Stab: Sleeping          |    15 |     2 ||    17
  Eat: Chunk             |    12 |     5 ||    17
